Workbook

Sheet Основа
A2: ПЕРЕЧЕНЬ
A3: аналитических индикаторов и их предельно допустимых значений, характеризующих состояние республиканского бюджета Чувашской Республики и государственного долга Чувашской Республики за первое полугодие 2026 г.
A5: Индикаторы | B5: Плановые назначения (тыс. рублей) | C5: Исполнено за I полугодие 2026 г. (тыс. рублей) | D5: % исполнения | E5: Предельно допустимые значения
A6: 1 | B6: 2 | C6: 3 | D6: 4 | E6: 5
A7: Доходы республиканского бюджета Чувашской Республики, всего | B7: 1.1859009e+08 | C7: 73667219 | D7: =IFERROR(C7/B7,0) -> 0.62119206
A8: в том числе:
A9: Налоговые и неналоговые доходы, всего | B9: 78433559 | C9: 54919287 | D9: =IFERROR(C9/B9,0) -> 0.70020139 | E9: х
A10: в том числе:
A11: налог на прибыль организаций | B11: 24984460 | C11: 28619556 | D11: =IFERROR(C11/B11,0) -> 1.1454943 | E11: х
A12: налог на доходы физических лиц | B12: 24729159 | C12: 9817604.1 | D12: =IFERROR(C12/B12,0) -> 0.39700518 | E12: х
A13: налоги на товары (работы, услуги), реализуемые на территории Российской Федерации | B13: 8431405.3 | C13: 3524058.4 | D13: =IFERROR(C13/B13,0) -> 0.41796809 | E13: х
A14: налоги на совокупный доход | B14: 6943552 | C14: 4305446.4 | D14: =IFERROR(C14/B14,0) -> 0.62006397 | E14: х
A15: налоги на имущество | B15: 4825824 | C15: 1952641.4 | D15: =IFERROR(C15/B15,0) -> 0.40462342 | E15: х
A16: налоги, сборы и регулярные платежи за пользование природными ресурсами | B16: 0 | C16: 0 | D16: х | E16: х
A17: государственная пошлина | B17: 174314.3 | C17: 118025.8 | D17: =IFERROR(C17/B17,0) -> 0.67708616 | E17: х
A18: задолженность и перерасчеты по отмененным налогам, сборам и иным обязательным платежам | B18: 0 | C18: 0 | D18: х | E18: х
A19: доходы от использования имущества, находящегося в государственной и муниципальной собственности | B19: 5867264.3 | C19: 5324325.3 | D19: =IFERROR(C19/B19,0) -> 0.90746301 | E19: х
A20: платежи при пользовании природными ресурсами | B20: 159920.3 | C20: 124009.4 | D20: =IFERROR(C20/B20,0) -> 0.77544502 | E20: х
A21: доходы от оказания платных услуг и компенсации затрат государства | B21: 307552.1 | C21: 142156.2 | D21: =IFERROR(C21/B21,0) -> 0.46221827 | E21: х
A22: доходы от продажи материальных и нематериальных активов | B22: 254664 | C22: 130285.3 | D22: =IFERROR(C22/B22,0) -> 0.51159685 | E22: х
A23: административные платежи и сборы | B23: 10 | C23: 0 | D23: =IFERROR(C23/B23,0) -> 0 | E23: х
A24: штрафы, санкции, возмещение ущерба | B24: 1755433.6 | C24: 859937.9 | D24: =IFERROR(C24/B24,0) -> 0.48987207 | E24: х
A25: прочие неналоговые доходы | B25: 0 | C25: 1241.5 | D25: х | E25: х
A27: Безвозмездные поступления, всего | B27: 40156527 | C27: 18747932 | D27: =IFERROR(C27/B27,0) -> 0.46687135 | E27: х
A28: в том числе:
A29: дотации на выравнивание бюджетной обеспеченности | B29: 18598461 | C29: 10144615 | D29: =IFERROR(C29/B29,0) -> 0.54545454 | E29: х
A30: дотации на поддержку мер по обеспечению сбалансированности бюджетов | B30: 0 | C30: 0 | D30: =IFERROR(C30/B30,0) -> 0 | E30: х
A32: Расходы республиканского бюджета Чувашской Республики, всего | B32: 1.371498e+08 | C32: 56269044 | D32: =IFERROR(C32/B32,0) -> 0.41027434
A33: в том числе:
A34: Общегосударственные вопросы | B34: 7649024.9 | C34: 1357142.5 | D34: =IFERROR(C34/B34,0) -> 0.17742686 | E34: х
A35: Национальная оборона | B35: 53877.5 | C35: 24583.778 | D35: =IFERROR(C35/B35,0) -> 0.45629024 | E35: х
A36: Национальная безопасность и правоохранительная деятельность | B36: 1595611.9 | C36: 715217.97 | D36: =IFERROR(C36/B36,0) -> 0.44824057 | E36: х
A37: Национальная экономика, всего | B37: 24111326 | C37: 7562397.4 | D37: =IFERROR(C37/B37,0) -> 0.31364503 | E37: х
A38: из них:
A39: сельское хозяйство и рыболовство | B39: 4593113.2 | C39: 1727531.6 | D39: =IFERROR(C39/B39,0) -> 0.37611343 | E39: х
A40: лесное хозяйство | B40: 462866.18 | C40: 138636.98 | D40: =IFERROR(C40/B40,0) -> 0.29951849
A41: транспорт | B41: 2300536.1 | C41: 629947.68 | D41: =IFERROR(C41/B41,0) -> 0.27382647 | E41: х
A42: дорожное хозяйство (дорожные фонды) | B42: 11753598 | C42: 3569476.3 | D42: =IFERROR(C42/B42,0) -> 0.30369222 | E42: х
A43: Жилищно-коммунальное хозяйство | B43: 7498978 | C43: 1419263.2 | D43: =IFERROR(C43/B43,0) -> 0.18926088 | E43: х
A44: Охрана окружающей среды | B44: 976810.61 | C44: 658385.32 | D44: =IFERROR(C44/B44,0) -> 0.67401533 | E44: х
A45: Образование | B45: 40287271 | C45: 19563365 | D45: =IFERROR(C45/B45,0) -> 0.48559667 | E45: х
A46: Культура и кинематография | B46: 3190018.3 | C46: 1488722.4 | D46: =IFERROR(C46/B46,0) -> 0.46668147 | E46: х
A47: Здравоохранение | B47: 9875175.6 | C47: 3655690 | D47: =IFERROR(C47/B47,0) -> 0.37018987 | E47: х
A48: Социальная политика | B48: 33101925 | C48: 16022497 | D48: =IFERROR(C48/B48,0) -> 0.48403519 | E48: х
A49: Физическая культура и спорт | B49: 3351162.3 | C49: 1047435.3 | D49: =IFERROR(C49/B49,0) -> 0.3125588 | E49: х
A50: Средства массовой информации | B50: 435473.2 | C50: 147256.84 | D50: =IFERROR(C50/B50,0) -> 0.33815362 | E50: х
A51: Обслуживание государственного и муниципального долга | B51: 158623.3 | C51: 0 | D51: =IFERROR(C51/B51,0) -> 0 | E51: х
A52: Межбюджетные трансферты общего характера бюджетам субъектов Российской Федерации и муниципальных образований | B52: 4864521.6 | C52: 2607087.8 | D52: =IFERROR(C52/B52,0) -> 0.5359392 | E52: х
A53: в том числе:
A54: дотации на выравнивание бюджетной обеспеченности муниципальных районов (городских округов) | B54: 2587088.7 | C54: 1293544.2 | D54: =IFERROR(C54/B54,0) -> 0.49999994 | E54: х
A55: дотации на поддержку мер по обеспечению сбалансированности бюджетов муниципальных районов (городских округов) | B55: 340000 | C55: 174665.2 | D55: =IFERROR(C55/B55,0) -> 0.51372118 | E55: х
A56: прочие межбюджетные трансферты общего характера | B56: 1937432.9 | C56: 1138878.4 | D56: =IFERROR(C56/B56,0) -> 0.58782858 | E56: х
A58: Дефицит бюджета, %* | B58: =B60/B9 -> 0.23662975 | C58: х | D58: х | E58: не превышающий 15 процентов утвержденного общего годового объема доходов республиканского бюджета Чувашской Республики без учета утвержденного объема безвозмездных поступлений (с учетом положений статьи 92.1 Бюджетного кодекса Российской Федерации). В 2026 году дефицит бюджета субъекта Российской Федерации может превысить размер дефицита бюджета, установленный законом о бюджете субъекта Российской Федерации на сумму бюджетных ассигнований, направленных на финансовое обеспечение мероприятий, связанных с предотвращением влияния ухудшения геополитической и экономической ситуации на развитие отраслей экономики, и дополнительных мероприятий в сфере национальной обороны и национальной безопасности, а также мероприятий, связанных с ликвидацией ЧС федерального и межрегионального характера и их последствий (п. 9 статьи 15 Федерального закона от 28.11.2025 №431-ФЗ).
A60: Источники финансирования дефицита, всего | B60: =Госдолг!B9 -> 18559713 | C60: =Госдолг!C9 -> -17398175 | D60: =IFERROR(C60/B60,0) -> -0.93741617 | E60: х
A61: из них:
A62: изменение остатков средств на счетах по учету средств республиканского бюджета Чувашской Республики | B62: 16767042 | C62: -22677775 | D62: =IFERROR(C62/B62,0) -> -1.352521 | E62: х
A63: поступления от продажи акций и иных форм участия в капитале, находящихся в государственной собственности Чувашской Республики | B63: 0 | C63: 0 | D63: х | E63: х
A64: государственные ценные бумаги Чувашской Республики | B64: 0 | C64: 0 | D64: х | E64: х
A66: Кредиторская задолженность бюджета, всего | B66: 0 | C66: 0 | D66: х | E66: х
A67: в том числе:
A68: по оплате труда | B68: 0 | C68: 0 | D68: х | E68: х
A69: по публичным нормативным обязательствам | B69: 0 | C69: 0 | D69: х | E69: х
A71: Государственный долг Чувашской Республики, всего, %* | B71: =Госдолг!B2/Основа!B9 -> 0.16777462 | C71: =Госдолг!C2/Основа!B9 -> 0.13445202 | D71: х | E71: не превышающий утвержденного общего годового объема доходов республиканского бюджета Чувашской Республики без учета утвержденного объема безвозмездных поступлений
A72: Отношение суммы выданных за год поручительств (гарантий) к расходам бюджета, %* | B72: =Госдолг!B3/Основа!B32 -> 0.02458042 | C72: =Госдолг!C3/Основа!B32 -> 0.02592838 | D72: х | E72: не более 15 процентов
A73: Доля расходов на обслуживание внутренних долговых обязательств в общей сумме расходов бюджета, за исключением объема расходов, которые осуществляются за счет субвенций, предоставляемых из бюджетов бюджетной системы Российской Федерации, % | B73: =Госдолг!B5/(Основа!B32-Госдолг!B6) -> 0.0014656346 | C73: =Госдолг!C5/(Основа!C32-Госдолг!C6) -> 0 | D73: х | E73: не более 15 процентов
A74: Доля фактически понесенных за год расходов по исполнению гарантийных случаев по условным обязательствам в объеме расходов бюджета, %* | B74: х | C74: 0 | D74: х | E74: не более 3 процентов
A75: Доля суммы выданных за год бюджетных кредитов в общем объеме расходов бюджета, %* | B75: =Госдолг!B8/Основа!B32 -> 0.0065767504 | C75: =Госдолг!C8/Основа!C32 -> 0 | D75: х | E75: не более 10 процентов
A77: _____________
A78: * Показатели формируются в целом за финансовый год.
A79: ** Оценка осуществляется в целом за финансовый год.

Sheet Госдолг
A1: Индикаторы | B1: Плановые назначения (тыс. рублей) | C1: Исполнено за II квартал 2026 г. (тыс. рублей)
A2: Государственный долг Чувашской Республики, всего, (План из Закона - верхний предел на 01.01 следующего года, исполнение из долговой книги) | B2: 13159160 | C2: 10545550
A3: Государственные гарантии Чувашской Республики | B3: 3371199.7 | C3: 3556072.1
A4: Доля расходов на обслуживание внутренних долговых обязательств в общей сумме расходов бюджета, за исключением объема расходов, которые осуществляются за счет субвенций, предоставляемых из бюджетов бюджетной системы Российской Федерации, %
A5: ОБСЛУЖИВАНИЕ ГОСУДАРСТВЕННОГО (МУНИЦИПАЛЬНОГО) ДОЛГА (РЗ 1300) | B5: 197870.8 | C5: 0
A6: Субвенции бюджетам бюджетной системы Российской Федерации | B6: 2142886.5 | C6: 1090594.4
A7: Фактически понесенные за год расходов по исполнению гарантийных случаев по условным обязательствам в объеме расходов бюджета, %* | B7: 337726.7 | C7: 0
A8: Сумма выданных за год бюджетных кредитов в общем объеме расходов бюджета (Статья 12. Предоставление бюджетных кредитов местным бюджетам из республиканского бюджета Чувашской Республики) | B8: 902000 | C8: 0
A9: Источники финансирования дефицита, всего | B9: 18559713 | C9: -17398175
